 Dungeon Sprint DCSS version 0.30-a0-223-gcb0039aa0c (webtiles) character file.

Game seed: 11103314155880350822

14922 rocky1 the Fencer (level 12, -5/108 HPs)
             Began as a Merfolk Gladiator on Oct 10, 2022.
             Was an Initiate of Gozag.
             Killed from afar by a frost giant (45 damage)
             ... with a bolt of cold
             ... in the Dungeon (Sprint VII: "The Pits").
             The game lasted 00:18:17 (4029 turns).

rocky1 the Fencer (Merfolk Gladiator)               Turns: 4029, Time: 00:18:19

Health: -5/108     AC: 27    Str: 17    XL:     12   Next: 21%
Magic:  21/21      EV: 16    Int:  8    God:    Gozag
Gold:   94         SH:  0    Dex: 20    Spells: 24/24 levels left

rFire   . . .      SeeInvis +    f - +8 scimitar "Gyisuah" {protect, rPois rCorr}
rCold   . . .      Faith    .    (no shield)
rNeg    . . .      Spirit   .    t - +4 chain mail
rPois   +          Reflect  .    c - +0 helmet
rElec   .          Harm     .    s - +0 cloak
rCorr   +          Rampage  .    u - +0 pair of gloves
Will    .....      NoTele   +    (no boots)
Stlth   ..........               (no amulet)
HPRegen 0.38/turn                b - +3 ring of strength
MPRegen 0.17/turn                y - ring of see invisible

@: mighty, brilliant, under a protective aura
A: (nimble swimmer 2), mertail
a: Renounce Religion, Potion Petition, Call Merchant, Bribe Branch


You were in the Dungeon.
You worshipped Gozag.
Gozag was noncommittal.
You visited 1 branch You collected 7509 gold pieces.
You spent 1703 gold pieces at shops.
You paid 5712 gold pieces to Gozag.

Inventory:

Hand Weapons
 f - the +8 scimitar "Gyisuah" (weapon) {protect, rPois rCorr}
   (You took it off a merfolk in the Dungeon)

   It grants its wielder temporary protection when it strikes (+7 to AC).
   rPois:     It protects you from poison.
   rCorr:     It protects you from acid and corrosion.
 p - a +2 long sword of holy wrath
 v - a +2 scimitar of pain
Missiles
 d - 2 throwing nets
 e - a javelin
 g - a curare-tipped dart (quivered)
 C - 10 poisoned darts
Armour
 c - a +0 helmet (worn)
 s - a +0 cloak (worn)
 t - a +4 chain mail (worn)
 u - a +0 pair of gloves (worn)
Jewellery
 a - a +3 ring of intelligence
 b - a +3 ring of strength (left hand)
 y - a ring of see invisible (right hand)
 B - a ring of fire
 G - a ring of positive energy
Scrolls
 k - 2 scrolls of blinking
 m - 5 scrolls of amnesia
 q - 3 scrolls of enchant armour
 w - 11 scrolls of enchant weapon
 x - a scroll of fear
 D - 2 scrolls of identify
 E - a scroll of immolation
 F - a scroll of magic mapping
Potions
 h - 2 potions of berserk rage
 i - 4 potions of magic
 j - 5 potions of heal wounds
 l - 4 potions of haste
 n - a potion of might
 o - a potion of brilliance
 r - 3 potions of mutation
 z - a potion of attraction
 A - 5 potions of curing
Miscellaneous
 H - a condenser vane


   Skills:
 + Level 14.6 Fighting
 + Level 20.3 Long Blades
 - Level 2.0 Throwing
 + Level 10.4 Armour
 + Level 17.4 Dodging
 - Level 6.5 Spellcasting
 - Level 7.9 Necromancy


You had 24 spell levels left.
You didn't know any spells.
Your spell library contained the following spells:

 Spells                   Type           Power      Damage    Failure   Level
 Ozocubu's Armour         Ice            3%         N/A       99%         3
 Metabolic Englaciation   Hex/Ice        1%         N/A       100%        5
 Simulacrum               Ice/Necr       Unusable   N/A       N/A         6

Dungeon Overview and Level Annotations

Branches:
Dungeon (1/1)

Altars:
Ashenzari
Cheibriados
Dithmenos
Elyvilon
Fedhas
Gozag
Hepliaklqana
Kikubaaqudgha
Makhleb
Nemelex Xobeh
Okawaru
Qazlal
Ru
Sif Muna
Trog
Uskayaw
Vehumet
Wu Jian
Xom
Yredelemnul
Zin
The Shining One
Jiyva
Lugonu

Shops:
D [(**


Innate Abilities, Weirdness & Mutations

((You are very nimble when in or above water. (Stealth+, EV+, Speed+++)))
Your lower body shifts to a powerful aquatic tail in water.


Message History

The silver javelin closely misses you.
Unknown command.
Okay, then. [a] - 375 gold - curing, magic and brilliance [b] - 750 gold - brilliance, magic, resistance and invisibility [c] - 756 gold - heal wounds, magic, haste and brilliance Purchase which effect?
You no longer have enough gold to petition Gozag for potion effects.
You feel better. Magic courses through your body.
You feel clever all of a sudden. The wind drake flaps its wings at you.
The air twists around and strikes you.
The merfolk javelineer barely misses you.
You feel very mighty all of a sudden. The merfolk barely misses you.
The frost giant hits you with a +0 battleaxe of freezing!
The frost giant freezes you.
The wind drake is distracted by your dazzling golden aura.
The merfolk javelineer closely misses you.
The wind drake hisses angrily.
You slash the frost giant!
Your weapon exudes an aura of protection.
The frost giant is lightly wounded.
The merfolk hits you from afar with a +0 trident!
The frost giant closely misses you.
The merfolk javelineer hits you but does no damage.
You slice the frost giant!!
The frost giant is heavily wounded.
The wind drake is no longer distracted by gold.
The wind drake bites you! The frost giant misses you.
The merfolk completely misses you.
You slice the frost giant!!
The frost giant is severely wounded.
The wind drake bites you but does no damage.
The merfolk javelineer hits you but does no damage.
The merfolk barely misses you.
The frost giant gestures at you while chanting.
The bolt of cold hits you!!!
You die...
Your body crumbles into a pile of gold.

#.#c. .##..############ # 'C.#
##..# #."' #c.# ########## +Wm#.
#..# .....##..# ##+#. #k.#
.....##..# ##..# .....''..# #..#
.....''..##########..#
.....##.........@Cmc.#
.....##...[......km..#
######################
################ ### ###########
#..............###..##....#..#..#
##.....)........#..##.#.#.#..#.)#
####...#'######.))##......#..#).#
#..#####)##...##'##.#.#.#.#..#..#
#....##...#...#)).#.......##'##'#


You could see a frost giant, a merfolk javelineer, a wind drake (repels
missiles), a merfolk and a yaktaur.

Vanquished Creatures
  A merfolk impaler (D)
  A two-headed ogre (D)
  A boulder beetle (D)
  2 death yaks (D)
  A deep troll (D)
  2 spriggan druids (D)
  A wizard (D)
  An orc knight (D)
  A wolf spider (D)
  A black mamba (D)
  2 cane toads (D)
  3 kobold demonologists (D)
  A yaktaur (D)
  A demonic crawler (D)
  3 komodo dragons (D)
  A freezing wraith (D)
  A wind drake (D)
  5 merfolk (D)
  A polar bear (D)
  5 dream sheep (D)
  A snapping turtle (D)
  A spriggan (D)
  2 shadows (D)
  A wraith (D)
  A fire elemental (D)
  A basilisk (D)
  A fire bat (D)
  A steam dragon (D)
  A warg (D)
  An acid dragon (D)
  2 orc warriors (D)
  3 swamp drakes (D)
  A sky beast (D)
  A small abomination (D)
  2 centaurs (D)
  2 kobold brigands (D)
  A gnoll sergeant (D)
  3 scorpions (D)
  3 wights (D)
  6 killer bees (D)
  A gnoll bouda (D)
  An orc priest (D)
  A hound (D)
  3 orc wizards (D)
  A mummy (D)
  11 gnolls (D)
  4 adders (D)
  A river rat (D)
  3 orcs (D)
  2 endoplasms (D)
  A giant cockroach (D)
  2 hobgoblins (D)
  A quokka (D)
  A ball python (D)
  2 kobolds (D)
  A rat (D)
106 creatures vanquished.

Vanquished Creatures (others)
  An orange demon (D)
  A ball python (D)
2 creatures vanquished.

Grand Total: 108 creatures vanquished

Notes
Turn   | Place    | Note
-------+----------+-------------------------------------------
     0 | D        | rocky1 the Merfolk Gladiator began the quest for the Orb.
     0 | D        | Reached XP level 1. HP: 16/16 MP: 1/1
    18 | D        | Reached skill level 4 in Long Blades
    22 | D        | Found a bloodstained altar of Trog.
    22 | D        | Found a shimmering blue altar of Sif Muna.
    22 | D        | Found a viscous altar of Jiyva.
    22 | D        | Found a hazy altar of Hepliaklqana.
    22 | D        | Found an opulent altar of Gozag.
    23 | D        | Found a glowing golden altar of the Shining One.
    23 | D        | Found a glowing silver altar of Zin.
    23 | D        | Found a basalt altar of Yredelemnul.
    23 | D        | Found a shimmering altar of Xom.
    23 | D        | Found an ornate altar of the Wu Jian Council.
    23 | D        | Found a sacrificial altar of Ru.
    23 | D        | Found a stormy altar of Qazlal.
    23 | D        | Found an iron altar of Okawaru.
    23 | D        | Found a sparkling altar of Nemelex Xobeh.
    23 | D        | Found a burning altar of Makhleb.
    23 | D        | Found a blossoming altar of Fedhas.
    23 | D        | Found a white marble altar of Elyvilon.
    23 | D        | Found a shadowy altar of Dithmenos.
    23 | D        | Found a snail-covered altar of Cheibriados.
    26 | D        | Found a corrupted altar of Lugonu.
    26 | D        | Found a radiant altar of Vehumet.
    27 | D        | Found an ancient bone altar of Kikubaaqudgha.
    27 | D        | Found a hide-covered altar of Uskayaw.
    27 | D        | Found a broken altar of Ashenzari.
    30 | D        | Became a worshipper of Gozag Ym Sagoz the Greedy
    69 | D        | Reached skill level 5 in Long Blades
    69 | D        | Reached skill level 1 in Armour
    69 | D        | Reached XP level 2. HP: 12/24 MP: 2/2
    72 | D        | Reached skill level 5 in Dodging
   247 | D        | Reached XP level 3. HP: 24/29 MP: 3/3
   367 | D        | Noticed a scorpion
   367 | D        | Noticed a kobold brigand
   382 | D        | Reached skill level 6 in Long Blades
   410 | D        | Killed a scorpion
   411 | D        | Reached skill level 7 in Long Blades
   411 | D        | Reached XP level 4. HP: 38/38 MP: 4/4
   416 | D        | Killed a kobold brigand
   417 | D        | Reached skill level 5 in Fighting
   417 | D        | Reached skill level 8 in Long Blades
   417 | D        | Reached XP level 5. HP: 45/45 MP: 5/5
   518 | D        | Noticed an orc warrior
   519 | D        | Noticed a fire bat
   537 | D        | Killed an orc warrior
   538 | D        | Reached skill level 10 in Long Blades
   538 | D        | Reached XP level 6. HP: 32/53 MP: 6/6
   572 | D        | Reached skill level 11 in Long Blades
   576 | D        | Killed a fire bat
   577 | D        | Reached XP level 7. HP: 47/61 MP: 7/7
   638 | D        | Noticed a deep troll
   650 | D        | Killed a deep troll
   651 | D        | Reached skill level 13 in Long Blades
   651 | D        | Reached skill level 5 in Armour
   651 | D        | Reached XP level 8. HP: 33/71 MP: 8/8
  1040 | D        | Bought an embroidered scarf for 176 gold pieces
  1040 | D        | Bought a glowing ring mail for 154 gold pieces
  1057 | D        | Noticed a death yak
  1057 | D        | Noticed a death yak
  1079 | D        | Killed a death yak
  1080 | D        | Reached skill level 15 in Long Blades
  1080 | D        | Reached XP level 9. HP: 53/78 MP: 9/9
  1083 | D        | Reached skill level 10 in Fighting
  1091 | D        | HP: 2/78 [death yak (22)]
  1116 | D        | Killed a death yak
  1117 | D        | HP: 3/79 [gnoll sergeant/+2 vorpal spear (4)]
  1126 | D        | Reached skill level 16 in Long Blades
  1698 | D        | Reached skill level 1 in Necromancy
  1831 | D        | Noticed an orange demon
  1847 | D        | Killed an orange demon
  2040 | D        | Bought a scroll labelled GANALA OXKIE for 24 gold pieces
  2040 | D        | Bought a scroll labelled HEETUSEPLAR for 24 gold pieces
  2040 | D        | Bought a potion of haste for 240 gold pieces
  2040 | D        | Bought a scroll labelled TUNNOG XISAME for 24 gold pieces
  2040 | D        | Bought a fuming coppery potion for 21 gold pieces
  2144 | D        | Noticed a cane toad
  2149 | D        | Killed a cane toad
  2153 | D        | Reached XP level 10. HP: 59/88 MP: 10/10
  2161 | D        | Reached skill level 17 in Long Blades
  2384 | D        | Noticed a kobold demonologist
  2392 | D        | Noticed a kobold demonologist
  2586 | D        | Noticed a wizard
  2587 | D        | Noticed a merfolk impaler
  2590 | D        | Noticed a demonic crawler
  2648 | D        | Reached skill level 18 in Long Blades
  2658 | D        | Killed a merfolk impaler
  2981 | D        | Noticed an orange demon
  3022 | D        | Killed a kobold demonologist
  3023 | D        | Reached skill level 15 in Dodging
  3025 | D        | Killed a kobold demonologist
  3026 | D        | Reached skill level 1 in Spellcasting
  3026 | D        | Reached skill level 5 in Necromancy
  3068 | D        | Reached XP level 11. HP: 94/96 MP: 13/13
  3081 | D        | Identified the +8 scimitar "Gyisuah" {protect, rPois rCorr}
  3141 | D        | Noticed a two-headed ogre
  3144 | D        | Noticed a boulder beetle
  3156 | D        | Reached skill level 19 in Long Blades
  3161 | D        | Killed a wizard
  3191 | D        | Killed a two-headed ogre
  3233 | D        | Killed a boulder beetle
  3247 | D        | Reached skill level 5 in Spellcasting
  3587 | D        | Noticed an orc knight
  3606 | D        | Killed an orc knight
  3789 | D        | Noticed a spriggan druid
  3801 | D        | Killed a spriggan druid
  3802 | D        | Reached skill level 10 in Armour
  3871 | D        | Noticed a spriggan druid
  3877 | D        | Killed a spriggan druid
  3878 | D        | Reached skill level 20 in Long Blades
  3878 | D        | Reached XP level 12. HP: 107/107 MP: 19/21
  3983 | D        | Bought a potion of curing for 60 gold pieces
  3983 | D        | Bought a potion of curing for 60 gold pieces
  3983 | D        | Bought a condenser vane for 800 gold pieces
  3983 | D        | Bought a scroll of identify for 40 gold pieces
  3983 | D        | Bought a scroll of identify for 40 gold pieces
  3983 | D        | Bought a scroll of identify for 40 gold pieces
  3992 | D        | Noticed a frost giant
  3992 | D        | Noticed a merfolk javelineer
  4029 | D        | Killed from afar by a frost giant

Illustrated notes

Levels and vault maps discovered:
D:        pitsprint [storerooms_1, entrance_room_1, metal_vault_1, armoury_3,
          mini_pit_1, grid_room_1, main_hall_1, silver_pit, the_coven_1,
          the_vestibule_1, steel_vault_5, golden_pit, hallway_of_sentries,
          crystal_vault_1, iron_vault_2, final_vault]

Skill      XL: |  1  2  3  4  5  6  7  8  9 10 11 |
---------------+----------------------------------+-----
Long Blades    | 5 7 8 10 11 13 15 16 18 20 | 20.3
Fighting       | 3 4 5 6 7 9 11 12 14 | 14.6
Armour         | 1 2 3 4 5 6 7 8 10 | 10.4
Dodging        | 5 6 7 8 9 11 12 13 15 17 | 17.4
Necromancy     | 2 5 7 |  7.9
Spellcasting   | 1 6 |  6.5
Throwing       | |  2.0

Action                   |  1- 3 |  4- 6 |  7- 9 | 10-12 || total
-------------------------+-------+-------+-------+-------++-------
Melee: Long sword        |    38 |    52 |    79 |       ||   169
       Punch             |       |     1 |     1 |     3 ||     5
       Scimitar          |       |       |    41 |   295 ||   336
Throw: Throwing net      |     2 |       |       |       ||     2
Invok: Call Merchant     |       |       |     2 |     2 ||     4
       Potion Petition   |       |       |       |     5 ||     5
  Use: Potion            |     2 |     4 |    10 |     7 ||    23
       Scroll            |       |       |     1 |     2 ||     3
 Stab: Held in net/web   |     1 |       |       |       ||     1
       Invisible         |       |     5 |     7 |     7 ||    19
       Distracted        |       |     1 |     2 |     6 ||     9
       Confused          |       |       |     3 |     1 ||     4
Armor: Leather armour    |     7 |       |       |       ||     7
       Scale mail        |       |    10 |    13 |       ||    23
       Chain mail        |       |       |    17 |   102 ||   119
Dodge: Dodged            |    17 |    23 |    85 |   172 ||   297

Table legend: (Time is in decaauts)
 A = Elapsed time spent in this place.
 B = Non-inter-level travel time spent in this place.
 C = Inter-level travel time spent in this place.
 D = Time resting spent in this place.
 E = Time spent auto-exploring this place.
 F = Levels seen in this place.
 G = Mean time per level.
                   A        B        C        D        E       F      G
               +--------+--------+--------+--------+--------+-----+--------+
         Total |   3881 |   3819 |     62 |   2296 |      0 |   1 | 3881.0 |
       Dungeon |   3881 |   3819 |     62 |   2296 |      0 |   1 | 3881.0 |
               +--------+--------+--------+--------+--------+-----+--------+

Top non-repeatable levels by time:
       D: 3881 daAuts
